Map: Acid Plant LE

Players

Neeb - Winner!

  • Race: Protoss Protoss
  • Spawn Location: 5:00

HalfBreed

  • Race: Zerg Zerg
  • Spawn Location: 11:00

VOD

Have the link to the VOD?

Description

Time

  • Played on: Feb. 2, 2018, 2:36 p.m.
  • Length: 14:40
Show
View Real Time Build Order
Export as new Build Order

Neeb Protoss - Winner!

Build Orders: 1 Gate Expand, Oracle Opening, Archon Immortal 

Get SALT Encoding   

  12  0:00  Probe  
  13  0:13  Probe  
  14  0:20  Pylon  
  14  0:25  Probe  
  15  0:35  Assimilator  
  15  0:38  Probe (Chrono Boost)  
  16  0:44  Gateway  
  16  0:49  Probe (Chrono Boost)  
  17  0:54  Probe (Chrono Boost)  
  18  1:04  Probe  
  19  1:16  Probe  
  20  1:24  Nexus  
  20  1:33  Cybernetics Core  
  20  1:36  Probe  
  21  1:41  Assimilator  
  21  1:48  Probe  
  21  1:51  Pylon  
  22  2:00  Probe  
  23  2:10  Adept (Chrono Boost)  
  23  2:12  Probe  
  23  2:14  Stargate  
  26  2:23  Warp Gate  
  26  2:24  Probe  
  26  2:29  Adept (Chrono Boost)  
  27  2:36  Probe  
  27  2:37  Probe  
  31  2:47  Adept  
  31  2:49  Probe x2  
  35  2:57  Oracle (Chrono Boost)  
  35  3:01  Probe x2  
  40  3:09  Pylon  
  40  3:13  Probe x2  
  42  3:25  Probe x2  
  44  3:28  Oracle (Chrono Boost)  
  47  3:37  Probe  
  47  3:41  Assimilator  
  45  3:42  Assimilator  
  45  3:44  Gateway  
  45  3:45  Probe, Gateway  
  45  3:52  Pylon  
  45  3:53  Probe  
  46  3:57  Probe  
  46  4:02  Phoenix  
  49  4:05  Probe  
  49  4:08  Shield Battery  
  50  4:10  Pylon  
  50  4:15  Pylon  
  50  4:16  Probe  
  51  4:21  Twilight Council  
  51  4:24  Probe  
  51  4:27  Oracle  
  51  4:28  Probe  
  56  4:35  Pylon  
  56  4:36  Probe  
  57  4:38  Adept  
  57  4:40  Probe, Adept  
  57  4:41  Adept  
  64  4:48  Probe  
  65  4:54  Probe, Robotics Facility  
  66  5:00  Probe  
  66  5:02  Pylon  
  66  5:06  Probe  
  68  5:09  Charge  
  68  5:12  Probe  
  69  5:18  Probe  
  70  5:24  Probe  
  70  5:26  Nexus  
  71  5:30  Probe  
  72  5:37  Probe  
  72  5:41  Immortal (Chrono Boost), Shield Battery  
  72  5:42  Adept x3, Probe  
  79  5:49  Probe  
  85  5:52  Templar Archives  
  85  5:55  Probe  
  86  6:10  Pylon  
  86  6:21  Probe x2  
  86  6:25  Immortal (Chrono Boost)  
  82  6:31  Sentry x3  
  88  6:34  Probe x2  
  90  6:40  Shield Battery  
  90  6:41  Probe, Shield Battery  
  90  6:45  Pylon  
  90  6:46  Probe x2  
  93  6:50  Immortal (Chrono Boost)  
  93  6:52  Forge, Gateway  
  93  6:53  Probe, Psionic Storm, Gateway  
  94  6:56  Gateway  
  94  6:58  Probe x2  
  100  7:02  Assimilator x2  
  100  7:03  Pylon  
  100  7:06  High Templar x3  
  106  7:09  Pylon  
  106  7:20  Protoss Ground Weapons Level 1 (Chrono Boost)  
  103  7:26  Probe x2  
  105  7:34  Gateway  
  105  7:38  Immortal (Chrono Boost), Photon Cannon  
  105  7:39  Gateway x2  
  105  7:42  Gateway  
  109  7:45  Zealot, High Templar  
  109  7:46  Zealot  
  115  7:53  Pylon  
  115  7:54  Photon Cannon  
  115  8:05  Probe x3  
  117  8:07  Robotics Facility, Immortal (Chrono Boost)  
  117  8:10  Zealot x3  
  128  8:13  Zealot  
  128  8:14  Zealot  
  132  8:23  Nexus  
  132  8:26  Pylon  
  132  8:28  High Templar  
  132  8:29  Pylon  
  134  8:34  High Templar x2  
  134  8:36  High Templar  
  140  8:44  Pylon  
  140  8:45  Pylon x2  
  140  8:47  Immortal (Chrono Boost)  
  145  8:58  Protoss Ground Weapons Level 2 (Chrono Boost)  
  145  8:59  Observer (Chrono Boost)  
  145  9:05  Photon Cannon  
  145  9:07  Zealot x4  
  145  9:08  Pylon  
  153  9:10  Pylon  
  153  9:20  Assimilator  
  153  9:24  Assimilator  
  153  9:29  High Templar x4  
  153  9:30  Zealot x6  
  173  9:33  Archon  
  173  9:35  Immortal, Archon  
  177  9:48  Photon Cannon  
  177  9:53  Immortal  
  177  9:58  Probe x2  
  177  9:59  Probe, Zealot x5, Observer  
  190  10:11  Fleet Beacon  
  182  10:15  Immortal  
  164  10:31  Zealot x4  
  164  10:32  Immortal  
  162  10:48  Archon x2  
  139  10:55  Immortal (Chrono Boost)  
  133  10:58  Sentry x4  
  133  10:59  Sentry x6  
  137  11:09  Immortal (Chrono Boost)  
  125  11:13  Protoss Ground Weapons Level 3 (Chrono Boost)  
  129  11:23  Zealot x8  
  129  11:24  Zealot x2, Immortal (Chrono Boost)  
  149  11:30  Mothership (Chrono Boost), Nexus  
  149  11:32  Pylon  
  137  11:55  Immortal (Chrono Boost)  
  137  11:57  Immortal (Chrono Boost)  
  137  12:00  High Templar x3  
  147  12:03  Zealot x5  
  160  12:18  Probe x2 (Chrono Boost)  
  160  12:19  Probe (Chrono Boost)  
  150  12:32  Zealot x8, Photon Cannon  
  150  12:33  Immortal (Chrono Boost)  
  150  12:34  Observer (Chrono Boost)  
  171  12:39  Probe  
  171  12:43  Probe x2  
  174  12:44  Immortal (Chrono Boost)  
  174  12:45  Photon Cannon  
  164  12:54  Immortal  
  172  13:08  High Templar x6  
  172  13:11  Assimilator x2  
  184  13:17  Photon Cannon  
  184  13:21  Immortal  
  184  13:22  Zealot x4  
  196  13:34  Photon Cannon  
  196  13:38  Photon Cannon  
  196  13:41  Shield Battery  
  186  13:44  Pylon  
  186  13:45  Immortal  
  186  13:46  Zealot  
  176  13:58  Zealot x5  
  176  13:59  Zealot x4  
  176  14:00  Immortal  
  176  14:01  Probe  
  176  14:02  Archon  
  169  14:03  Archon x2  
  169  14:04  Probe  
  169  14:05  Probe  
  169  14:08  Probe x2  
  166  14:20  High Templar  
  166  14:21  High Templar x9  
  178  14:26  Archon  
  178  14:27  Archon x3  
  178  14:28  Archon  
Show
View Real Time Build Order
Export as new Build Order

HalfBreed Zerg 

Build Orders: Hatch First, Lurkers 

Get SALT Encoding   

  12  0:01  Drone  
  13  0:12  Overlord  
  13  0:17  Drone  
  14  0:31  Drone  
  15  0:44  Hatchery  
  15  0:48  Drone  
  15  0:52  Drone  
  15  0:56  Drone  
  17  1:00  Drone  
  18  1:10  Extractor  
  17  1:15  Spawning Pool  
  16  1:19  Drone  
  16  1:21  Drone  
  18  1:32  Drone  
  19  1:43  Drone  
  20  1:51  Hatchery  
  19  1:55  Drone  
  20  2:03  Queen  
  20  2:08  Drone  
  23  2:12  Metabolic Boost  
  23  2:18  Drone  
  23  2:21  Drone  
  25  2:25  Overlord  
  25  2:29  Zergling x2  
  26  2:30  Zergling x2  
  26  2:36  Drone  
  28  2:44  Queen  
  28  2:45  Zergling x2  
  28  2:46  Drone  
  32  2:52  Drone x2  
  34  3:00  Zergling x2  
  34  3:03  Queen  
  34  3:05  Drone x2  
  39  3:10  Drone  
  40  3:16  Zergling x2  
  40  3:17  Zergling x2  
  39  3:29  Drone x3  
  39  3:30  Drone  
  39  3:33  Drone  
  41  3:38  Drone x2  
  42  3:41  Spore Crawler  
  42  3:42  Spore Crawler  
  42  3:43  Drone x2  
  42  3:48  Spore Crawler  
  42  3:50  Extractor  
  42  3:51  Drone x2  
  42  3:52  Spore Crawler  
  42  3:54  Drone  
  41  4:03  Evolution Chamber  
  41  4:07  Overlord  
  41  4:08  Drone  
  40  4:13  Drone x4  
  42  4:25  Queen  
  42  4:27  Drone, Roach Warren  
  42  4:30  Drone  
  45  4:32  Zerg Missile Weapons Level 1  
  45  4:33  Drone x4  
  45  4:35  Drone  
  45  4:37  Overlord  
  50  4:49  Overlord  
  50  4:56  Drone x8  
  58  5:02  Extractor  
  58  5:04  Queen, Extractor, Overlord  
  58  5:05  Overlord  
  55  5:15  Queen  
  55  5:19  Roach x5, Extractor  
  65  5:24  Drone  
  65  5:25  Drone  
  65  5:26  Drone x2  
  69  5:32  Drone  
  69  5:33  Drone x2  
  69  5:35  Drone x4  
  76  5:39  Roach  
  76  5:42  Lair  
  78  5:47  Overlord  
  78  5:50  Roach x2  
  82  6:04  Queen  
  82  6:05  Overlord  
  84  6:17  Overlord  
  81  6:21  Drone x5  
  82  6:27  Queen  
  82  6:30  Drone x7  
  82  6:31  Drone x4  
  92  6:34  Extractor  
  89  6:40  Queen  
  89  6:43  Glial Reconstitution  
  89  6:45  Extractor, Hydralisk Den  
  89  6:46  Drone x2  
  91  6:56  Queen  
  91  6:58  Drone x4, Hatchery  
  91  7:00  Overseer  
  96  7:04  Zerg Missile Weapons Level 2  
  96  7:07  Drone, Evolution Chamber  
  96  7:13  Overlord  
  96  7:14  Overlord, Hydralisk x2  
  96  7:15  Hydralisk x2  
  104  7:20  Queen  
  101  7:23  Drone x3  
  101  7:27  Muscular Augments  
  103  7:31  Drone x3  
  103  7:36  Zerg Ground Armor Level 1  
  106  7:39  Hydralisk x3  
  106  7:42  Drone  
  106  7:43  Drone  
  115  7:44  Drone x2  
  115  7:51  Drone  
  117  7:54  Infestation Pit, Lurker Den  
  117  7:56  Drone x3  
  117  7:58  Hydralisk x2  
  122  8:09  Hydralisk x3  
  128  8:13  Pneumatized Carapace  
  128  8:19  Overlord x2  
  128  8:25  Extractor  
  128  8:26  Extractor  
  126  8:28  Overlord  
  126  8:30  Hive  
  126  8:33  Drone x2  
  128  8:34  Overlord  
  128  8:42  Hydralisk x6  
  128  8:44  Drone  
  128  8:47  Overlord  
  141  8:55  Drone x2, Hatchery  
  142  8:57  Drone x3  
  142  8:58  Drone  
  142  9:02  Hydralisk x2  
  146  9:03  Hydralisk x3  
  146  9:04  Overlord  
  146  9:05  Overlord  
  146  9:07  Grooved Spines  
  156  9:17  Overlord x3  
  156  9:20  Spine Crawler  
  156  9:21  Spine Crawler  
  154  9:29  Overlord, Lurker x8  
  162  9:34  Zergling x18  
  171  9:41  Hydralisk x2  
  171  9:42  Zergling x10  
  168  9:54  Hydralisk x6  
  180  10:02  Hydralisk x4  
  180  10:03  Zergling x2  
  180  10:06  Adaptive Talons  
  182  10:15  Hydralisk  
  182  10:16  Hydralisk x4  
  182  10:17  Zergling x2  
  183  10:26  Hydralisk x3  
  183  10:27  Hydralisk  
  180  10:41  Zergling x16  
  157  10:45  Zergling x6  
  157  10:48  Zergling x14  
  132  10:52  Zergling x2  
  120  11:00  Hydralisk x2  
  120  11:01  Hydralisk x3  
  121  11:04  Zerg Missile Weapons Level 3  
  121  11:06  Hydralisk x3  
  121  11:10  Drone x2  
  125  11:12  Drone  
  125  11:13  Extractor  
  125  11:21  Lurker  
  125  11:22  Drone, Lurker x3  
  125  11:23  Drone x4  
  134  11:31  Roach x4  
  142  11:36  Drone x2  
  142  11:37  Extractor  
  142  11:38  Extractor  
  142  11:39  Drone  
  144  11:40  Drone  
  144  11:42  Spine Crawler  
  144  11:43  Hydralisk  
  134  11:49  Hydralisk x2  
  134  11:50  Zergling x4  
  124  11:57  Drone x2  
  124  11:58  Drone x5  
  129  12:03  Lurker x3  
  129  12:04  Lurker x2  
  129  12:07  Hydralisk  
  136  12:14  Hydralisk x4  
  144  12:17  Zergling x4  
  139  12:25  Hydralisk  
  139  12:26  Hydralisk x3  
  141  12:30  Hydralisk x2  
  141  12:35  Hydralisk x3  
  141  12:36  Overseer  
  151  12:40  Zergling x10  
  147  12:53  Hydralisk x3, Zergling x2  
  147  12:54  Zergling x14  
  161  13:07  Hydralisk x6  
  161  13:08  Zergling x6  
  176  13:20  Lurker x3  
  176  13:25  Overseer  
  179  13:28  Overlord x2  
  175  13:35  Hydralisk x6  
  182  13:55  Hydralisk x8  
  147  13:56  Zergling x16  
  147  14:00  Hydralisk  
  147  14:01  Hydralisk, Zergling x4  
  129  14:10  Roach x4  
Tags
 
Add a new tag
Caveats
  • Supply blocks, unpowered buildings, or Contaminate may cause inaccurate times.
  • Supply counts are checked every 10 seconds.